 Dungeon Crawl Stone Soup version 0.29-a0-1016-g236c7fd91e (webtiles) character file.

Game seed: 9492550343524657634

493 leavemydog the Conjurer (level 6, -1/48 HPs)
             Began as a Deep Elf Conjurer on Aug 9, 2022.
             Slain by Duvessa
             ... wielding a +1 short sword of venom
              (8 damage)
             ... on level 4 of the Dungeon.
             The game lasted 00:04:05 (3733 turns).

leavemydog the Conjurer (Deep Elf Conjurer)         Turns: 3733, Time: 00:04:05

Health: -1/48      AC: 23    Str:  4    XL:     6   Next: 92%
Magic:  12/26      EV:  2    Int: 31    God:
Gold:   203        SH:  0    Dex: 13    Spells: 10/17 levels left

rFire   + . .      SeeInvis .   e - staff of fire
rCold   . . .      Faith    .   (no shield)
rNeg    . . .      Spirit   .   (body armour currently unavailable)
rPois   +          Reflect  .   (helmet currently unavailable)
rElec   .          Harm     .   (cloak currently unavailable)
rCorr   .          Rampage  .   (gloves currently unavailable)
Will    .....      NoTele   +   (boots currently unavailable)
Stlth   ++........              (no amulet)
HPRegen 0.16/turn               d - +6 ring of intelligence
MPRegen 0.20/turn               h - ring of magical power

@: lethally poisoned (-1 -> -17), tree-form
A: stationary, stasis, torment immunity, boosted hp
a: no special abilities


You were on level 4 of the Dungeon.
You were a tree.
You visited 1 branch of the dungeon, and saw 4 of its levels.

You collected 203 gold pieces.

Inventory:

Missiles
 n - 2 throwing nets
 p - 4 poisoned darts
Armour
 a - a +0 robe (melded)
 c - a +2 pair of gloves (melded)
 o - a +2 pair of boots (melded)
Magical Staves
 e - a staff of fire (weapon)
Jewellery
 d - a +6 ring of intelligence (left branch)
 h - a ring of magical power (right branch)
 u - an amulet of faith
Wands
 s - a wand of flame (12)
Scrolls
 f - a scroll of magic mapping {unknown}
 i - a scroll of immolation {unknown}
 j - a scroll of identify {unknown}
 l - a scroll of summoning {unknown}
 q - a scroll of silence {unknown}
 r - a scroll of teleportation {unknown}
 t - a scroll of amnesia {unknown}
 v - 2 scrolls of enchant weapon {unknown}
Potions
 b - a potion of magic
 k - a potion of ambrosia {unknown}
 m - a potion of curing {unknown}
 w - a potion of haste {unknown}
 x - a potion of attraction {unknown}


   Skills:
 - Level 2.4 Dodging
 - Level 2.4 Stealth
 + Level 6.3 Spellcasting
 + Level 7.2 Conjurations
 * Level 2.7 Translocations


You had 10 spell levels left.
You knew the following spells:

 Your Spells              Type           Power      Damage    Failure   Level
a - Magic Dart            Conj           100%       1d8       1%          1
b - Searing Ray           Conj           100%       2d8       1%          2
c - Iskenderun's Mystic   Conj/Tloc      40%        2d9       6%          4

Your spell library contained the following spells:

 Spells                   Type           Power      Damage    Failure   Level
 Dazzling Flash           Conj/Hex       64%        N/A       3%          3
 Ensorcelled Hibernation  Hex/Ice        18%        N/A       7%          2
 Fulminant Prism          Conj/Hex       16%        3d11      11%         4
 Spider Form              Tmut/Pois      9%         N/A       14%         3
 Anguish                  Hex/Necr       4%         N/A       43%         4


Dungeon Overview and Level Annotations

Branches:
Dungeon (4/15)
 Temple: D:4-7

Altars:
Trog
Uskayaw
Xom
Zin

Annotations:
D:4 2 runed translucent doors, Duvessa; leavemydog's ghost, amateur HOFi


Message History

Press: ? - help, Shift-Dir - straight line, f - Duvessa
Aim: Duvessa, wielding a +1 short sword of venom, wearing a +1 ring mail of fire resistance and carrying a wand of digging (2) (berserk, 87% to hit)
Okay, then.
Casting: Searing Ray (safe; 1% risk of failure)
Confirm with . or Enter, or press ? or * to list all spells.
The spell is quite dangerous to miscast (6% risk of failure)!
Continue anyway?
You erupt in a blast of force!
The mystic blast hits Duvessa!
Duvessa is moderately wounded.
Duvessa barely misses you.
Duvessa hits you with a +1 short sword of venom!
You are poisoned.
Casting: Iskenderun's Mystic Blast (quite dangerous; 6% risk of failure)
Confirm with . or Enter, or press ? or * to list all spells.
The spell is quite dangerous to miscast (6% risk of failure)!
Continue anyway?
You erupt in a blast of force!
The mystic blast hits Duvessa!
Duvessa is heavily wounded.
Duvessa is knocked back by the mystic blast.
You feel very sick.
It was a potion of lignification.
You turn into a tree.
Your +2 pair of gloves melds into your body.
Your +2 pair of boots melds into your body.
Your +0 robe melds into your body.
Your roots penetrate the ground.
You feel very sick.
Casting: Iskenderun's Mystic Blast (dangerous; 6% risk of failure)
Confirm with . or Enter, or press ? or * to list all spells.
Aiming: Searing Ray (safe; 1% risk of failure)
Press: ? - help, Shift-Dir - straight line, f - Duvessa
Aim: Duvessa, wielding a +1 short sword of venom, wearing a +1 ring mail of fire resistance and carrying a wand of digging (2) (heavily wounded, berserk, 87% to hit)
The searing ray hits Duvessa.
Duvessa is heavily wounded. (Press . to maintain the ray.)
You feel very sick.
Duvessa hits you with a +1 short sword of venom!
* * * LOW HITPOINT WARNING * * *
You are lethally poisoned!
The searing ray misses Duvessa.
* * * LOW HITPOINT WARNING * * *
You feel very sick.
Duvessa hits you with a +1 short sword of venom!
You die...

#.# #.##########
.######.##.......#
........'.......# ...
#...##.##.... ### ### ....
#...##.##...# #5# #.# ....
#...##)##..e#^#.# #..
....##[..##.##..♣#...### #.#
.....#...#....##)'._.'.# #.#
...#.#...#.......#...#.########.#
.......##........#^#^#..........#
.......##........#.#5####.......#
.......##.....#########.........#
.......##.....# ###........)#
.......##.#.### #...[..####.#
..###..##....# #............


You could see Duvessa (berserk).

Vanquished Creatures
  Edmund (D:4)
  An ice beast (D:4)
  Dowan (D:4)
  A howler monkey (D:4)
  3 crimson imps (D:4)
  An adder (D:4)
  2 worms (D:3)
  5 dart slugs
  3 orcs (D:3)
  3 bats
  4 endoplasms
  4 giant cockroaches
  12 goblins
  7 hobgoblins
  3 quokkas
  5 ball pythons
  3 frilled lizards
  6 kobolds
  5 rats
70 creatures vanquished.

Notes
Turn   | Place    | Note
-------+----------+-------------------------------------------
     0 | D:1      | leavemydog the Deep Elf Conjurer began the quest for the
                  | Orb.
     0 | D:1      | Reached XP level 1. HP: 10/10 MP: 6/6
   329 | D:1      | Reached XP level 2. HP: 15/15 MP: 8/8
   354 | D:1      | Learned a level 2 spell: Searing Ray
   397 | D:1      | Reached skill level 5 in Conjurations
   707 | D:1      | Found a faded altar of an unknown god.
  1205 | D:2      | Reached XP level 3. HP: 19/19 MP: 9/9
  2005 | D:3      | Found a hide-covered altar of Uskayaw.
  2092 | D:3      | Found a glowing silver altar of Zin.
  2319 | D:3      | Found a bloodstained altar of Trog.
  2647 | D:3      | Reached XP level 4. HP: 22/24 MP: 8/11
  2822 | D:3      | Learned a level 4 spell: Iskenderun's Mystic Blast
  3132 | D:4      | Found a large runed translucent door.
  3138 | D:4      | Found a large runed translucent door.
  3148 | D:4      | Noticed leavemydog's ghost (amateur HOFi)
  3162 | D:4      | Found a shimmering altar of Xom.
  3256 | D:4      | Reached skill level 6 in Conjurations
  3433 | D:4      | Reached skill level 1 in Translocations
  3477 | D:4      | Noticed Edmund
  3482 | D:4      | Noticed an ice beast
  3487 | D:4      | Reached XP level 5. HP: 24/28 MP: 10/14
  3488 | D:4      | Killed Edmund
  3489 | D:4      | Reached skill level 5 in Spellcasting
  3489 | D:4      | Reached XP level 6. HP: 28/32 MP: 9/16
  3489 | D:4      | Killed an ice beast
  3592 | D:4      | Reached skill level 7 in Conjurations
  3722 | D:4      | Noticed Duvessa
  3722 | D:4      | Noticed Dowan
  3728 | D:4      | Killed Dowan
  3733 | D:4      | Slain by Duvessa

Illustrated notes

Levels and vault maps discovered:
D:1:      lightli_arrival_flooded_house, layout_loops_ring,
          shapermc_ecumenical_altar_mp_ritualfount,
          chequers_serial_rivers_large_a
D:2:      layout_loops_ring
D:3:      layout_loops_corners, general_overflow_altar, old_standard_altar,
          bloody_trog, nrook_mini_vaults, guppyfry_early_orc_mine
D:4:      layout_basic, led_xom_imps, ebering_ghost_disaster_area,
          kennysheep_generic_room_6, uniq_crazy_yiuf_cottage, uniq_duvessa,
          uniq_edmund

Skill      XL: |  1  2  3  4  5  6 |
---------------+-------------------+-----
Conjurations   | 5 6 7 |  7.2
Spellcasting   | 4 5 6 |  6.3
Translocations | 1 2 |  2.7
Dodging        | |  2.4
Stealth        | |  2.4

Action                   |  1- 3 |  4- 6 || total
-------------------------+-------+-------++-------
 Cast: Magic Dart        |    95 |    55 ||   150
       Searing Ray       |       |     4 ||     4
       Iskenderun's Myst |       |     2 ||     2
  Use: Potion            |       |     1 ||     1
Armor: Robe              |     5 |     5 ||    10
Dodge: Dodged            |     7 |     9 ||    16

Table legend: (Time is in decaauts)
 A = Elapsed time spent in this place.
 B = Non-inter-level travel time spent in this place.
 C = Inter-level travel time spent in this place.
 D = Time resting spent in this place.
 E = Time spent auto-exploring this place.
 F = Levels seen in this place.
 G = Mean time per level.
                   A        B        C        D        E       F      G
               +--------+--------+--------+--------+--------+-----+--------+
         Total |   3741 |   3615 |    126 |    483 |   2798 |   4 |  935.2 |
       Dungeon |   3741 |   3615 |    126 |    483 |   2798 |   4 |  935.2 |
               +--------+--------+--------+--------+--------+-----+--------+

Top non-repeatable levels by time:
     D:3: 1281 daAuts
     D:1: 1138 daAuts
     D:2: 677 daAuts
     D:4: 643 daAuts
